 Dungeon Crawl Stone Soup version 0.23.2-33-g5129a83184 (webtiles) character file.

Game seed: 8510192517819317861

497 ostoppbardval the Slasher (level 6, -2/49 HPs)
             Began as a Demonspawn Chaos Knight on July 19, 2019.
             Was a Plaything of Xom.
             Slain by Grinder (6 damage)
             ... while paralysed by Grinder
             ... on level 4 of the Dungeon.
             The game lasted 00:13:12 (2071 turns).

ostoppbardval the Slasher (Demonspawn Chaos Knight) Turns: 2071, Time: 00:13:12

Health: -2/49      AC:  5    Str: 14    XL:     6   Next: 93%
Magic:  6/6        EV:  2    Int: 13    God:    Xom [..*...]
Gold:   148        SH:  0    Dex: 13    Spells: 5/5 levels left

rFire    . . .     SeeInvis .   a - +1 falchion (chaos)
rCold    . . .     Gourm    .   (no shield)
rNeg     . . .     Faith    .   b - +2 leather armour
rPois    .         Spirit   .   (no helmet)
rElec    .         Reflect  .   (no cloak)
rCorr    .         Harm     .   (no gloves)
MR       .....                  (no boots)
Stlth    ++........             (no amulet)
HPRegen  0.16/turn              p - +3 ring of slaying
MPRegen  0.10/turn              (no ring)

@: paralysed
A: claws 1, talons 1, spiny 1
a: Renounce Religion


You were on level 4 of the Dungeon.
You worshipped Xom.
You were a toy of Xom.
You were hungry.

You visited 1 branch of the dungeon, and saw 4 of its levels.

You collected 148 gold pieces.

Inventory:

Hand Weapons
 a - a +1 falchion of chaos (weapon)
 f - a +4 flail
Armour
 b - a +2 leather armour (worn)
 q - a +0 cloak
Jewellery
 p - a +3 ring of slaying (left claw)
Wands
 s - a wand of disintegration (13)
Scrolls
 g - a scroll of enchant armour {unknown}
 h - 3 scrolls of teleportation
 i - a scroll of remove curse {unknown}
 k - 4 scrolls of fear
 l - a scroll of blinking
 n - a scroll of identify
 o - 2 scrolls of magic mapping
Potions
 d - a potion of haste
 e - a potion of invisibility
 j - a potion of mutation {unknown}
 m - a potion of magic {unknown}
 r - a potion of flight {unknown}
 t - a potion of degeneration {unknown}
 u - a potion of curing
 v - a potion of brilliance {unknown}
Comestibles
 c - 9 rations
 w - 8 chunks of flesh


   Skills:
 + Level 4.4 Fighting
 + Level 5.0 Long Blades
 + Level 3.2 Armour
 + Level 2.3 Dodging
 + Level 1.7 Stealth


You had 5 spell levels left.
You didn't know any spells.
Your spell library contained the following spells:

 Spells                   Type           Power        Failure   Level  Hunger
 Summon Small Mammal      Summ           #...         36%         1    ##.....
 Call Imp                 Summ           #.......     50%         2    ###....
 Call Canine Familiar     Summ           #.......     75%         3    ####...
 Summon Guardian Golem    Hex/Summ       #.......     75%         3    ####...
 Summon Ice Beast         Ice/Summ       #.......     98%         4    #####..
 Summon Lightning Spire   Summ/Air       #.......     98%         4    #####..


Dungeon Overview and Level Annotations

Branches:
Dungeon (4/15)
 Temple: D:4-7

Altars:
Uskayaw

Annotations:
D:4 Grinder


Innate Abilities, Weirdness & Mutations

You have sharp fingernails.
You have sharp toenails.
You are partially covered in sharp spines.


Message History

The ogre misses your bat.
Blork the orc hits you with a +0 morningstar.
You slash Blork the orc!
Blork the orc suddenly stops moving!
You claw Blork the orc.
Blork the orc is almost dead.
You kill Blork the orc!
Your Long Blades skill increases to level 5!
Your bat barely misses the ogre.
The ogre hits your bat with a cursed +0 giant club!!
Your bat dies!
Your bat's corpse disappears in a puff of smoke!
Grinder gestures at you.
You suddenly lose the ability to move!
You are feeling hungry.
The ogre is struck by your spines.
The ogre hits you with a cursed +0 giant club!!
* * * LOW HITPOINT WARNING * * *
Grinder hits you.
You die...
Xom howls with laughter!

## . #.. #. #.# ###
#.###.### ....
h....#....... .....
..#.........##......
.... ##...O@5......
#..##.....##......
#.........#.......
#....<............
...#.............. #
# #...#..#.......
#...#.##>...........
. #..†.............
#######.#..###...


You could see Grinder and an ogre.

Vanquished Creatures
  An ogre (D:4)
  Blork the orc (D:4)
  3 scorpions
  An orc wizard (D:3)
  Ijyb (D:3)
  A worker ant (D:4)
  3 adders (D:3)
  An ooze (D:3)
  2 worms
  4 dart slugs
  2 leopard geckos (D:3)
  10 orcs (D:3)
  2 giant cockroaches
  6 goblins
  2 hobgoblins
  5 jackals (D:4)
  7 kobolds
  A quokka (D:2)
  A ball python (D:1)
  6 bats
  6 frilled lizards
  A quokka skeleton (D:4)
  6 rats
73 creatures vanquished.

Vanquished Creatures (others)
  An orc (D:3)
1 creature vanquished.

Grand Total: 74 creatures vanquished

Notes
Turn   | Place    | Note
-------+----------+-------------------------------------------
     0 | D:1      | ostoppbardval the Demonspawn Chaos Knight began the quest
                  | for the Orb.
     0 | D:1      | Reached XP level 1. HP: 18/18 MP: 1/1
   158 | D:1      | XOM: divination: detect items
   196 | D:1      | Reached skill level 3 in Long Blades
   196 | D:1      | Gained mutation: You have sharp fingernails. [demonic
                  | ancestry]
   196 | D:1      | Reached XP level 2. HP: 23/24 MP: 2/2
   231 | D:1      | XOM: potion effect (invisibility)
   561 | D:2      | XOM: stealth player
   601 | D:2      | XOM: silly message
   703 | D:2      | Gained mutation: You have sharp toenails. [demonic
                  | ancestry]
   703 | D:2      | Reached XP level 3. HP: 29/29 MP: 3/3
  1271 | D:3      | Reached skill level 1 in Dodging
  1384 | D:3      | Reached XP level 4. HP: 18/37 MP: 4/4
  1394 | D:3      | Reached skill level 1 in Stealth
  1483 | D:3      | Reached skill level 4 in Long Blades
  1483 | D:3      | Gained mutation: You are partially covered in sharp spines.
                  | [demonic ancestry]
  1483 | D:3      | Reached XP level 5. HP: 28/42 MP: 5/5
  1540 | D:3      | Found a hide-covered altar of Uskayaw.
  1544 | D:3      | XOM: enchant monster (bad)
  1555 | D:3      | Noticed Ijyb
  1566 | D:3      | Killed Ijyb
  1860 | D:4      | XOM: mild Hex miscast
  1869 | D:4      | XOM: confuse monster(s)
  1886 | D:4      | XOM: mild Erth miscast
  1985 | D:4      | Reached XP level 6. HP: 45/48 MP: 6/6
  2053 | D:4      | XOM: cast spell 'Summon Small Mammal'
  2059 | D:4      | Noticed Blork the orc
  2064 | D:4      | Noticed Grinder
  2068 | D:4      | Killed Blork the orc
  2068 | D:4      | Reached skill level 5 in Long Blades
  2068 | D:4      | Paralysed by Grinder for 4 turns
  2071 | D:4      | Slain by Grinder

Skill      XL: |  1  2  3  4  5  6 |
---------------+-------------------+-----
Long Blades    | 3 4 5 |  5.0
Armour         | 2 3 |  3.2
Dodging        | 1 2 |  2.3
Stealth        | 1 |  1.7
Fighting       | 4 |  4.4

Action                   |  1- 3 |  4- 6 || total
-------------------------+-------+-------++-------
Melee: Falchion          |   103 |    50 ||   153
       Kick              |    11 |    18 ||    29
       Flail             |       |     5 ||     5
  Use: Potion            |     3 |       ||     3
       Scroll            |       |     8 ||     8
 Stab: Sleeping          |     3 |       ||     3
       Invisible         |     1 |       ||     1
  Eat: Ration            |     1 |       ||     1
Armor: Leather armour    |    27 |    15 ||    42
       Skin              |    17 |       ||    17
Dodge: Dodged            |    51 |    35 ||    86
       Rpst.: Falchion   |    13 |     9 ||    22
